AoeStats
← crtolino93

African Clearing

504013942Analyzed
4v4 RM · 1mo ago on Sep 3, 2026· 41m 27s· 8 players
Game mode
Random Map
Map size
Large (8 player)
Population
200
Speed
Normal
Resources
Standard
Victory
Conquest
Starting age
Dark Age
Ending age
Imperial Age
RankedLock teamsTeams togetherTeam positionsShared explorationLock speedFull tech treeHidden civsTurbo modeCheats
Victory
Defeat
🇮🇳 Khmer · India
1210
+14
🇫🇷 Cumans · France
1173
+16
🇸🇮 Ethiopians · Slovenia
1163
+17
🇨🇳 Saracens · China
1145
+17
🇨🇳 Persians · China
1207
-17
🇨🇳 Tatars · China
1181
-16
🇨🇳 Armenians · China
1172
-16
1146
-15
Gimme pocket or quit
3:36 Loom
14:11 Feudal Age
14:21 Feudal Age
15:23 Double-Bit Axe
19:26 Castle Age
19:09 Double-Bit Axe
19:51 Fishing Lines
21:12 Bow Saw
24:25 Crossbowman
25:03 Fletching
26:46 Wheelbarrow
26:54 Gillnets
27:33 Gold Mining
29:27 Bodkin Arrow
31:02 Hand Cart
32:56 Stone Mining
33:42 Gold Shaft Mining
35:38 Padded Archer Armor
36:08 Ballistics
36:53 Town Watch
42:07 Imperial Age
39:42 Husbandry
40:18 Leather Archer Armor
chmchmchmchmchm
5:08 Loom
13:21 Feudal Age
18:55 Castle Age
17:29 Horse Collar
17:39 Double-Bit Axe
17:57 Horse Collar
19:31 Bow Saw
25:51 Heavy Plow
29:05 Stone Mining
30:21 Wheelbarrow
30:57 Scale Barding Armor
31:03 Forging
30:48 Gold Mining
32:25 Chain Barding Armor
32:36 Husbandry
32:46 Bloodlines
杀我自动下载原神
12:03 Loom
14:27 Feudal Age
16:01 Double-Bit Axe
23:03 Castle Age
21:08 Horse Collar
22:01 Scale Barding Armor
23:25 Bloodlines
24:10 Fletching
27:26 Husbandry
花园爸爸
15:30 Feudal Age
20:17 Castle Age
19:10 Stone Mining
25:12 Horse Collar
29:30 Double-Bit Axe
30:25 Heavy Plow
32:11 Bow Saw
35:59 Ballistics
35:36 Fletching
35:47 Padded Archer Armor
35:49 Gold Mining
36:57 Bodkin Arrow
37:20 Leather Archer Armor
42:04 Imperial Age
41:47 Masonry
adi.rathore
11:05 Feudal Age
12:37 Double-Bit Axe
12:40 Loom
17:03 Scale Barding Armor
21:25 Castle Age
20:12 Horse Collar
21:23 Bloodlines
21:58 Forging
21:35 Light Cavalry
24:18 Chain Barding Armor
26:40 Husbandry
30:18 Wheelbarrow
30:54 Iron Casting
32:21 Devotion
33:47 Hand Cart
43:10 Imperial Age
40:44 Stone Mining
Sahraoui
4:32 Loom
12:49 Feudal Age
13:30 Double-Bit Axe
19:30 Wheelbarrow
18:48 Horse Collar
19:48 Fishing Lines
25:17 Castle Age
24:13 Forging
24:08 Scale Barding Armor
24:14 Scale Barding Armor
26:43 Iron Casting
26:28 Chain Barding Armor
26:22 Bloodlines
27:54 Gillnets
30:40 Capped Ram
34:13 Light Cavalry
44:16 Imperial Age
42:01 Hand Cart
41:59 Bow Saw
41:50 Heavy Plow
crtolino93
4:05 Loom
14:06 Feudal Age
15:46 Double-Bit Axe
18:45 Castle Age
18:39 Fletching
20:39 Town Watch
29:56 Bodkin Arrow
34:16 Scale Mail Armor
37:56 Ballistics
42:19 Wheelbarrow
JIANG
4:26 Loom
15:16 Feudal Age
16:09 Double-Bit Axe
20:28 Castle Age
20:22 Wheelbarrow
23:25 Horse Collar
25:34 Town Watch
28:28 Heavy Plow
29:13 Hand Cart
29:28 Bow Saw
31:26 Town Patrol
32:08 Scale Barding Armor
32:14 Forging
33:07 Gold Mining
33:07 Stone Mining
34:34 Gold Shaft Mining
34:56 Chain Barding Armor
35:11 Iron Casting
37:41 Imperial Age
36:01 Bloodlines
35:51 Husbandry
36:44 Light Cavalry
37:51 Elite Mameluke
39:02 Conscription
39:23 Plate Barding Armor
39:49 Blast Furnace
39:54 Two-Man Saw
39:29 Counterweights
38:57 Onager
39:24 Hussar
Connection lost

Rejoining the realm…

Still unreachable

The connection could not be restored.

Session expired

The server has moved on; the page needs a fresh start.